 Dungeon Crawl Stone Soup version 0.30-a0-305-g026cb31310 (webtiles) character file.

Game seed: 7718627608050628221

95908 Sobieck the Spry (level 16, 0/94 HPs)
             Began as a Kobold Earth Elementalist on Oct 20, 2022.
             Was the Champion of Dithmenos.
             Constricted to death by a naga warrior (6 damage)
             ... on level 1 of the Snake Pit on Oct 21, 2022.
             The game lasted 01:36:04 (32258 turns).

Sobieck the Spry (Kobold Earth Elementalist)       Turns: 32258, Time: 01:36:04

Health: 0/94       AC:  7    Str:  9    XL:     16   Next: 64%
Magic:  23/26      EV: 29    Int: 25    God:    Dithmenos [******]
Gold:   2009       SH:  5    Dex: 28    Spells: 4/29 levels left

rFire   . . .      SeeInvis .    b - +10 scimitar "Asolil" {vorpal, rC+ Str+2, long}
rCold   + . .      Faith    .    (no shield)
rNeg    . . .      Spirit   .    j - +1 robe {Will+}
rPois   .          Reflect  +    F - +0 hat {Int+3}
rElec   .          Harm     .    d - +2 cloak {Will+}
rCorr   .          Rampage  .    l - +0 pair of gloves
Will    +++..                    (no boots) Stlth ***+++++++
                                 i - amulet of reflection
HPRegen 0.35/turn                W - +6 ring of intelligence
MPRegen 0.20/turn                s - +6 ring of dexterity

@: wreathed by umbra, constricted
A: small, no large weapons, nightstalker 3
a: Renounce Religion, Shadow Step, Shadow Form


You were on level 1 of the Snake Pit.
You worshipped Dithmenos.
Dithmenos was exalted by your worship.
You visited 4 branches of the dungeon, and saw 23 of its levels.
You also visited: Bailey.

You collected 2299 gold pieces.
You spent 290 gold pieces at shops.


Innate Abilities, Weirdness & Mutations

You are small and have problems with some larger weapons.
You are completely attuned to the shadows.


   Skills:
 + Level 8.3 Fighting
 - Level 4.0(11.2) Short Blades
 + Level 10.7(10.8) Long Blades
 - Level 15.0 Dodging
 + Level 12.3 Stealth
 - Level 1.0 Shields
 + Level 7.2 Spellcasting
 - Level 10.0 Conjurations
 - Level 3.0 Hexes
 - Level 10.0 Transmutations
 + Level 0.7 Fire Magic
 - Level 10.0 Earth Magic
 + Level 1.0 Poison Magic
 + Level 5.3 Invocations
 - Level 5.0 Evocations


You had 4 spell levels left.
You knew the following spells:

 Your Spells              Type           Power      Damage    Failure   Level
a - Stone Arrow           Conj/Erth      100%       3d13      1%          3
b - Passwall              Tmut/Erth      46%        N/A       1%          2
c - Petrify               Tmut/Erth      56%        N/A       1%          4
d - Olgreb's Toxic Radia  Pois           14%        N/A       41%         4
e - Lee's Rapid Deconstr  Erth           28%        3d15*     3%          5
f - Leda's Liquefaction   Hex/Erth       20%        N/A       4%          4
g - Ignite Poison         Fire/Tmut/Pois 28%        N/A       4%          3

Your spell library contained the following spells:

 Spells                   Type           Power      Damage    Failure   Level
 Foxfire                  Conj/Fire      100%       2x1d9     1%          1
 Kiss of Death            Conj/Necr      100%       2d13      1%          1
 Sandblast                Erth           100%       2d20      1%          1
 Sting                    Tmut/Pois      100%       1d8       1%          1
 Fulminant Prism          Conj/Hex       20%        3d13      4%          4
 Confusing Touch          Hex            24%        N/A       6%          3
 Tukima's Dance           Hex            24%        N/A       6%          3
 Sticky Flame             Conj/Fire      36%        2d6       7%          4
 Poisonous Vapours        Pois/Air       22%        N/A       9%          2
 Iskenderun's Mystic Bla  Conj/Tloc      34%        2d8       9%          4
 Portal Projectile        Hex/Tloc       32%        N/A       11%         3
 Kindle Blastsparks       Fire/Tloc/Air  20%        2d11      19%         3
 Call Canine Familiar     Summ           9%         N/A       21%         3
 Ozocubu's Armour         Ice            9%         N/A       21%         3
 Vhi's Electric Charge    Tloc/Air       18%        N/A       21%         3
 Dispel Undead            Necr           9%         3d8       54%         4
 Passage of Golubria      Tloc           9%         N/A       54%         4
 Yara's Violent Unravell  Hex/Tmut       20%        3d9       13%         5
 Fireball                 Conj/Fire      18%        3d9       21%         5
 Arcjolt                  Conj/Air       17%        1d27      24%         5
 Metabolic Englaciation   Hex/Ice        8%         N/A       69%         5
 Starburst                Conj/Fire      18%        6d7       73%         6
 Simulacrum               Ice/Necr       4%         N/A       100%        6
 Ignition                 Fire           6%         3d4       100%        8
 Maxwell's Capacitive Co  Air            4%         ∞         100%        8

Inventory:

Hand Weapons
 a - a +4 spectral dagger {short}
   (You took it off a goblin on level 1 of the Dungeon)
 b - the +10 scimitar "Asolil" (weapon) {vorpal, rC+ Str+2, long}
   (You found it on level 4 of the Dungeon)

   It inflicts extra damage upon your enemies.
   Str:       It affects your strength (+2).
   rC:        It protects you from cold.
 Q - the +7 rapier "Zastrid" {freeze, rF+ rCorr, short}
   (You found it on level 1 of the Lair of Beasts)

   It freezes those it strikes, dealing additional cold damage.
   It can also slow down cold-blooded creatures.
   rF:        It protects you from fire.
   rCorr:     It protects you from acid and corrosion.
Missiles
 g - 3 throwing nets {=f!fthrowing}
 p - 8 boomerangs {throwing}
 v - 5 atropa-tipped darts {throwing}
 L - 11 poisoned darts {throwing}
 R - 10 curare-tipped darts {=fthrowing}
Armour
 c - a +2 buckler of protection
   (You took it off a tengu warrior on level 15 of the Dungeon)
 d - a +2 cloak of willpower (worn)
   (You found it on level 12 of the Dungeon)
 j - a +1 robe of willpower (worn)
   (You took it off Josephine on level 2 of the Orcish Mines)
 l - a +0 pair of gloves (worn)
   (You found it on level 1 of the Dungeon)
 F - a +0 hat of intelligence (worn)
   (You took it off Gastronok on level 2 of the Lair of Beasts)
Magical Staves
 E - a staff of earth {!astaff}
   (You acquired it on level 6 of the Dungeon)
Jewellery
 i - an amulet of reflection (around neck)
   (You found it on level 1 of the Dungeon)
 m - a ring of resist corrosion
   (You found it on level 4 of the Lair of Beasts)
 o - a +6 ring of strength
   (You found it on level 2 of the Dungeon)
 s - a +6 ring of dexterity (right hand)
   (You found it on level 6 of the Dungeon)
 y - a +6 ring of intelligence
   (You found it on level 12 of the Dungeon)
 D - a ring of willpower
   (You found it on level 10 of the Dungeon)
 K - a ring of protection from fire
   (You found it on level 2 of the Lair of Beasts)
 W - a +6 ring of intelligence (left hand)
   (You found it on level 6 of the Dungeon)
Wands
 w - a wand of paralysis (15)
   (You found it on level 13 of the Dungeon)
 x - a wand of digging (2)
   (You found it on level 13 of the Dungeon)
 A - a wand of mindburst (13)
   (You found it on level 9 of the Dungeon)
 M - a wand of quicksilver (2)
   (You took it off Maurice on level 8 of the Dungeon)
 T - a wand of polymorph (10)
   (You found it on level 8 of the Dungeon)
 X - a wand of flame (25)
   (You found it on level 12 of the Dungeon)
 Z - a wand of iceblast (37)
   (You found it on level 6 of the Dungeon)
Scrolls
 h - 4 scrolls of immolation {!r!r}
 n - 3 scrolls of summoning
 B - 9 scrolls of teleportation {@r4}
 H - 2 scrolls of fog
 S - 4 scrolls of blinking {!r}
 U - 3 scrolls of magic mapping {!r}
 V - 6 scrolls of vulnerability {!r!r}
 Y - 2 scrolls of fear
Potions
 e - 6 potions of resistance
 f - 4 potions of lignification {!q}
 k - a potion of berserk rage {!q}
 r - 5 potions of invisibility
 t - 8 potions of curing {@q1}
 u - 6 potions of haste {@q3}
 z - 12 potions of might
 C - 4 potions of attraction {!q}
 G - 3 potions of magic
 I - a potion of ambrosia
 J - 2 potions of brilliance
 N - 3 potions of mutation {!q}
 O - a potion of cancellation
 P - 2 potions of flight
Miscellaneous
 q - a lightning rod (4/4)
   (You found it on level 2 of the Lair of Beasts)

Dungeon Overview and Level Annotations

Branches:
Dungeon (15/15) Zot: 22021  Temple (0/1) D:6            Lair (5/5) D:11 Zot: 21812
  Swamp (0/4) Lair:2        Snake (1/4) Lair:2 Zot: 5766   Slime (0/5) Lair:5
    Orc (2/2) D:12 Zot: 9040     Elf (0/3) Orc:2        Vaults (0/5) D:14
 Depths (0/4) D:15         Bailey (visited)

Altars:
Cheibriados
Dithmenos
Kikubaaqudgha
Makhleb
Nemelex Xobeh
Xom
Yredelemnul
Jiyva

Shops:
D:4 *   Orc:1 *   Orc:2 !:(!

Portals:
Trove: D:15 (give 6 scrolls of fog)

Annotations:
D:7 exclusion: hornet
D:14 1 runed translucent door
Lair:1 3 runed translucent doors
Lair:5 1 runed translucent door
Orc:2 1 runed translucent door, mandarbmax's ghost, journeyman VSFi

##.##
#####.##
#......##
##.......###
..........#
#.......##
##.....##
##N#### #S@#
#§SN# ..N#§#
.))... N.
...


You could see a naga warrior, 2 naga sharpshooters, a guardian serpent and a
black mamba.


Message History

A guardian serpent comes into view.
A black mamba comes into view.
Unknown command.
Unknown command.
You feel stronger.
b - the +10 scimitar "Asolil" (weapon)
{vorpal, rC+ Str+2, long} The naga sharpshooter unwields a +0 mace.
The naga sharpshooter wields a +0 shortbow.
The naga sharpshooter shoots an arrow.
The arrow misses you.
The black mamba hisses angrily.
You hear a shout!
Unknown command.
Unknown command.
You hear a shout!
The black mamba completely misses you.
The naga sharpshooter spits poison at you.
The splash of poison hits you.
You are poisoned.
You hit the naga sharpshooter but do no damage.
You feel sick. The black mamba completely misses you.
A naga warrior comes into view. It is wielding a +0 hand axe.
You hit the naga sharpshooter but do no damage.
You feel sick. The black mamba closely misses you.
The naga sharpshooter mumbles some strange words.
The naga sharpshooter magically shoots an arrow.
The arrow closely misses you. The guardian serpent misses you.
You block the black mamba's attack.
Unknown command.
You hit the naga sharpshooter.
Your shadow hits the naga sharpshooter but does no damage.
You feel sick. The guardian serpent barely misses you.
You block the black mamba's attack.
The naga sharpshooter shoots an arrow.
The arrow hits you!!
You emit a cloud of dark smoke.
The guardian serpent misses you.
Unknown command.
You slash the guardian serpent!
You feel sick. The black mamba barely misses you.
The naga sharpshooter mumbles some strange words.
The naga sharpshooter magically shoots an arrow.
The arrow hits you.
The guardian serpent completely misses you.
The black mamba misses you.
Unknown command.
You hit the guardian serpent.
You feel sick.
You are no longer poisoned.
You block the black mamba's attack. The guardian serpent hits you!
* * * LOW HITPOINT WARNING * * *
The naga sharpshooter shoots an arrow.
The arrow hits you!!
* * * LOW HITPOINT WARNING * * *
You emit a cloud of dark smoke.
A naga sharpshooter comes into view. It is wielding a +0 scimitar.
You barely miss the guardian serpent.
Your shadow misses the guardian serpent.
The black mamba completely misses you. The guardian serpent barely misses you.
The black mamba bites you!
* * * LOW HITPOINT WARNING * * *
The naga sharpshooter shoots an arrow.
The arrow completely misses you.
Unknown command.
You hit the guardian serpent.
Your shadow hits the guardian serpent with a scimitar.
The guardian serpent casts a spell at you.
The naga warrior blinks!
You block the black mamba's attack.
The guardian serpent completely misses you.
The naga sharpshooter shoots an arrow.
The arrow barely misses you.
The arrow hits the naga warrior.
The black mamba completely misses you.
Unknown command.
You hit the guardian serpent. The black mamba misses you.
You block the guardian serpent's attack.
The naga warrior roars a battlecry!
The naga sharpshooter goes into a battle-frenzy!
The naga sharpshooter spits poison at you.
The splash of poison misses you.
The splash of poison hits the naga warrior.
Unknown command.
Unknown command.
You slash the naga warrior!
Your shadow hits the naga warrior but does no damage.
The black mamba completely misses you. The guardian serpent barely misses you.
The black mamba completely misses you.
Unknown command.
Unknown command.
You closely miss the naga warrior.
Your shadow hits the naga warrior with a scimitar!
You block the guardian serpent's attack.
The naga sharpshooter shoots an arrow.
The arrow completely misses you.
The arrow barely misses the naga warrior.
The naga warrior closely misses you. You block the naga warrior's attack.
The black mamba closely misses you.
The naga sharpshooter unwields a +0 scimitar.
The naga sharpshooter wields a +0 shortbow.
The naga sharpshooter gestures wildly while chanting.
The naga sharpshooter magically shoots an arrow.
The arrow completely misses you. The guardian serpent barely misses you.
Unknown command.
Unknown command.
You closely miss the naga warrior.
Your shadow hits the naga warrior with a scimitar.
The black mamba completely misses you. The naga warrior completely misses you.
The naga warrior grabs you. The naga warrior constricts you.
You die...

Skill      XL: |  1  2  3  4  5  6  7  8  9 10 11 12 13 14 15 16 |
---------------+-------------------------------------------------+-----
Stealth        | 3 4 5 6 8 10 11 12 | 12.3
Fighting       | 1 2 3 4 5 6 7 8 |  8.3
Short Blades   | 1 2 3 4 |  4.0
Earth Magic    | 4 5 6 7 8 10 | 10.0
Long Blades    | 2 4 6 7 8 9 10 | 10.7
Dodging        | 4 5 9 10 11 13 14 15 | 15.0
Conjurations   | 2 4 5 7 9 10 | 10.0
Transmutations | 2 4 6 7 8 10 | 10.0
Spellcasting   | 3 4 5 6 7 |  7.2
Hexes          | 2 3 |  3.0
Evocations     | 4 5 |  5.0
Invocations    | 3 5 |  5.3
Shields        | 1 |  1.0
Poison Magic   | 1 |  1.0
Fire Magic     | |  0.7

Action                   |  1- 3 |  4- 6 |  7- 9 | 10-12 | 13-15 | 16-18 || total
-------------------------+-------+-------+-------+-------+-------+-------++-------
Melee: Short sword       |     8 |       |       |       |       |       ||     8
       Dagger            |    11 |    56 |    12 |    18 |    92 |    74 ||   263
       Scimitar          |       |     4 |   134 |   266 |   485 |   148 ||  1037
       Punch             |       |     2 |     2 |     4 |     7 |     2 ||    17
       Rapier            |       |       |       |     9 |    89 |       ||    98
 Cast: Sandblast         |    30 |    90 |    36 |   110 |    33 |       ||   299
       Passwall          |     2 |       |     2 |    15 |    19 |     2 ||    40
       Stone Arrow       |       |       |       |     6 |    24 |    24 ||    54
       Petrify           |       |       |       |     5 |    58 |    24 ||    87
       Leda's Liquefacti |       |       |       |     1 |     1 |       ||     2
       Lee's Rapid Decon |       |       |       |       |    17 |       ||    17
Invok: Shadow Step       |       |       |       |       |     1 |     1 ||     2
Evoke: Wand              |       |       |       |       |     2 |       ||     2
  Use: Scroll            |       |    10 |     5 |     7 |    15 |       ||    37
       Potion            |       |       |     1 |     1 |     7 |       ||     9
 Stab: Sleeping          |     3 |     1 |     6 |    26 |    61 |    21 ||   118
       Confused          |       |       |       |     1 |       |       ||     1
       Distracted        |       |       |       |     3 |     2 |     4 ||     9
       Petrified         |       |       |       |       |    56 |    11 ||    67
       Petrifying        |       |       |       |       |    33 |    13 ||    46
Armor: Robe              |     5 |    27 |    30 |    56 |    63 |    10 ||   191
Dodge: Dodged            |    14 |    57 |   124 |   326 |   775 |   209 ||  1505
Block: Other             |     2 |    22 |    25 |    74 |   165 |    49 ||   337
       Reflection        |       |     1 |     2 |     1 |     2 |       ||     6

Levels and vault maps discovered:
D:1:      ebering_trefoil_twist, layout_loops_corners,
          hellmonk_ecumenical_altar_crossroads, minmay_heptomino_d4
D:2:      layout_basic, uniq_natasha
D:3:      cheibrodos_helix_gallery, layout_basic, serial_bayou_lake_a
D:4:      layout_basic, lemuel_coloured_pillars_altar,
          nicolae_dithmenos_shadow_blocks, serial_shops,
          nicolae_shop_hallway_plus, uniq_sigmund
D:5:      layout_loops_corners, mainiacjoe_overflow_cross_hatched,
          minmay_ogre_servants, uniq_eustachio
D:6:      layout_rooms, minmay_temple_entry_large_hall,
          chequers_hall_statues_corner_a
D:7:      layout_basic, nemelex_spade_bored_becter, enter_bailey_2, st_stairs_7,
          nicolae_lava_and_water
D:8:      hellmonk_destroyed_diamonds, layout_gridville, xom_confusion_cloud,
          uniq_psyche, uniq_maurice
D:9:      layout_layer_cave, grunt_decor_mini_mirrors, uniq_erolcha, uniq_harold
D:10:     layout_rooms
D:11:     layout_loops_ring, due_lair_maze_entry_diamond, kennysheep_diamond,
          hellmonk_bongcloud_opening, nicolae_straight_to_the_point
D:12:     layout_roguey, david_orc_2, chequers_serial_rivers_large_a,
          cheibriados_altar_1
D:13:     minmay_chambers_of_sevens, layout_loops_ring,
          dreamdust_princess_bridge
D:14:     layout_irregular_city, erik_vaults_1, basic_altar,
          lightli_church_of_beogh
D:15:     hangedman_depths_entry_civil_slaughter, layout_small_grid,
          minmay_misc_feat_tiny, nicolae_trove_entry_diagonal
Lair:1:   layout_regular_city, gammafunk_ghost_cemetery, beast_lair_carwin_2,
          lemuel_fruit_tree
Lair:2:   layout_regular_city, nicolae_swamp_entry_splash_gauntlet,
          guppyfry_snake_entry_garden, grunt_megastairs_3, uniq_sonja,
          uniq_gastronok
Lair:3:   beast_lair_carwin_large_1, layout_cave_shapes, roderic_carrion_pond,
          serial_bayou_shore_a, infiniplex_staircase_pool
Lair:4:   layout_misc_corridors
Lair:5:   grunt_lair_end_beastmaster, layout_hall_layers, slime_entry_2
Snake:1:  layout_chambers, serial_shops, nicolae_shop_waterfront, basic_altar,
          minmay_shop_star
Orc:1:    layout_caves, nicolae_shop_clearance
Orc:2:    st_orc_open, layout_caves, ebering_ghost_inner_flame, basic_altar,
          uniq_jorgrun, uniq_josephine, uniq_nessos

Notes
Turn   | Place    | Note
-------+----------+-------------------------------------------
     0 | D:1      | Sobieck the Kobold Earth Elementalist began the quest for
                  | the Orb.
     0 | D:1      | Reached XP level 1. HP: 10/10 MP: 3/3
   344 | D:1      | Reached XP level 2. HP: 16/16 MP: 3/5
   478 | D:1      | Reached skill level 3 in Stealth
   616 | D:1      | Learned a level 2 spell: Passwall
   623 | D:1      | Reached skill level 1 in Fighting
   623 | D:1      | Reached skill level 1 in Short Blades
   777 | D:1      | Reached XP level 3. HP: 20/20 MP: 4/6
  1078 | D:1      | Found a faded altar of an unknown god.
  1343 | D:2      | Noticed Natasha
  1351 | D:2      | Killed Natasha
  1352 | D:2      | Reached skill level 2 in Short Blades
  1352 | D:2      | Reached XP level 4. HP: 26/26 MP: 4/7
  1763 | D:2      | Noticed Natasha
  1766 | D:2      | Killed Natasha
  1767 | D:2      | Reached skill level 2 in Fighting
  2011 | D:2      | Reached skill level 4 in Stealth
  2251 | D:2      | Noticed Natasha
  2254 | D:2      | Killed Natasha
  2255 | D:2      | Reached skill level 3 in Short Blades
  2255 | D:2      | Reached XP level 5. HP: 30/30 MP: 4/8
  2733 | D:3      | Reached skill level 4 in Earth Magic
  2982 | D:3      | You add the spells Tukima's Dance, Passage of Golubria and
                  | Yara's Violent Unravelling to your library.
  3515 | D:4      | Noticed an ogre
  3592 | D:4      | Reached skill level 4 in Short Blades
  3598 | D:3      | Learned a level 3 spell: Stone Arrow
  3626 | D:3      | Reached XP level 6. HP: 26/35 MP: 2/9
  3780 | D:4      | Found a shadowy altar of Dithmenos.
  3789 | D:4      | Became a worshipper of Dithmenos the Shadowed
  3934 | D:4      | Noticed an ogre
  4079 | D:4      | Found Puatem's General Store.
  4085 | D:4      | Bought a potion of might for 40 gold pieces
  4085 | D:4      | Bought a potion of degeneration for 10 gold pieces
  4085 | D:4      | Bought a scroll of fog for 40 gold pieces
  4252 | D:4      | Identified the +10 scimitar "Asolil" {vorpal, rC+ Str+2}
  4366 | D:4      | Noticed Sigmund
  4496 | D:4      | Killed an ogre
  4497 | D:4      | Reached skill level 1 in Long Blades
  4514 | D:4      | Killed an ogre
  4515 | D:4      | Reached skill level 2 in Long Blades
  4515 | D:4      | Reached XP level 7. HP: 40/40 MP: 7/10
  4515 | D:4      | Reached * piety under Dithmenos
  4702 | D:4      | Found a basalt altar of Yredelemnul.
  4948 | D:4      | Killed Sigmund
  4949 | D:4      | Reached skill level 3 in Long Blades
  5031 | D:5      | Entered Level 5 of the Dungeon
  5134 | D:5      | Noticed Eustachio
  5443 | D:4      | Reached skill level 4 in Long Blades
  5474 | D:4      | Killed Eustachio
  5475 | D:4      | Reached XP level 8. HP: 34/45 MP: 9/11
  5599 | D:5      | Reached skill level 5 in Long Blades
  6014 | D:5      | Found an ancient bone altar of Kikubaaqudgha.
  6290 | D:6      | Reached skill level 3 in Fighting
  6290 | D:6      | Reached skill level 5 in Stealth
  6326 | D:6      | Reached skill level 6 in Long Blades
  6482 | D:6      | Found a staircase to the Ecumenical Temple.
  6500 | D:6      | Reached skill level 5 in Earth Magic
  6643 | D:6      | Reached XP level 9. HP: 50/50 MP: 9/12
  6955 | D:7      | Found a flagged portal.
  6967 | D:7      | Reached ** piety under Dithmenos
  7008 | Bailey   | Entered a bailey
  7016 | Bailey   | Noticed an orc warlord
  7099 | Bailey   | Reached skill level 3 in Dodging
  7099 | Bailey   | Reached skill level 1 in Conjurations
  7175 | Bailey   | Found a runed translucent gate.
  7176 | Bailey   | Found a runed translucent gate.
  7178 | Bailey   | Found a runed translucent gate.
  7185 | Bailey   | Reached skill level 2 in Transmutations
  7232 | Bailey   | Reached skill level 3 in Spellcasting
  7412 | D:6      | Acquired a staff of earth
  7480 | D:7      | Reached skill level 2 in Conjurations
  7523 | D:7      | Reached skill level 4 in Fighting
  7530 | D:7      | Reached skill level 6 in Stealth
  7704 | D:7      | HP: 6/52 [ice beast (14)]
  7953 | D:7      | Reached skill level 4 in Dodging
  8043 | D:7      | Noticed a hornet
  8078 | D:7      | Reached XP level 10. HP: 54/58 MP: 13/15
  8332 | D:7      | Reached *** piety under Dithmenos
  8359 | D:7      | Found a sparkling altar of Nemelex Xobeh.
  8477 | D:7      | Reached skill level 3 in Transmutations
  8816 | D:8      | Found a shimmering altar of Xom.
  8842 | D:8      | Reached skill level 3 in Conjurations
  8842 | D:8      | Reached skill level 6 in Earth Magic
  8868 | D:8      | Reached skill level 4 in Spellcasting
  8977 | D:8      | Reached skill level 5 in Fighting
  8977 | D:8      | Reached skill level 7 in Stealth
  9300 | D:8      | You pick up a book of the Hunter and begin reading...
  9300 | D:8      | You add the spells Call Canine Familiar, Portal Projectile
                  | and Leda's Liquefaction to your library.
  9330 | D:8      | Reached skill level 5 in Dodging
  9454 | D:8      | Noticed Psyche
  9460 | D:8      | Killed Psyche
  9609 | D:8      | Noticed Maurice
  9614 | D:8      | Killed Maurice
  9615 | D:8      | Reached skill level 4 in Transmutations
 10025 | D:8      | Learned a level 4 spell: Petrify
 10035 | D:9      | You add the spells Ignite Poison, Sticky Flame and Ignition
                  | to your library.
 10039 | D:9      | Noticed Erolcha
 10053 | D:9      | Noticed a two-headed ogre
 10100 | D:9      | Killed Erolcha
 10101 | D:9      | Reached skill level 4 in Conjurations
 10163 | D:9      | Reached skill level 8 in Stealth
 10213 | D:9      | Reached XP level 11. HP: 59/64 MP: 11/17
 10251 | D:9      | You pick up a book of Fire and begin reading...
 10251 | D:9      | You add the spells Foxfire, Fireball and Starburst to your
                  | library.
 10386 | D:9      | Reached skill level 6 in Dodging
 10433 | D:9      | Noticed Harold
 10440 | D:9      | Killed Harold
 10441 | D:9      | Reached skill level 6 in Fighting
 10441 | D:9      | Reached skill level 7 in Dodging
 10441 | D:9      | Reached skill level 7 in Earth Magic
 10662 | D:9      | Reached skill level 5 in Transmutations
 11283 | D:9      | Killed a two-headed ogre
 11284 | D:9      | Reached skill level 8 in Dodging
 11326 | D:10     | Entered Level 10 of the Dungeon
 11343 | D:10     | Reached skill level 6 in Transmutations
 11474 | D:10     | Noticed a two-headed ogre
 11870 | D:10     | Killed a two-headed ogre
 11871 | D:10     | Reached skill level 9 in Dodging
 11950 | D:10     | Reached **** piety under Dithmenos
 11954 | D:10     | HP: 16/64 [poisoned by a gnoll sergeant]
 11959 | D:10     | HP: 12/64 [poisoned by a gnoll sergeant]
 12754 | D:11     | Reached skill level 7 in Long Blades
 13046 | D:11     | Noticed a two-headed ogre
 13051 | D:11     | Killed a two-headed ogre
 13052 | D:11     | Reached XP level 12. HP: 36/70 MP: 16/19
 13194 | D:11     | Found a staircase to the Lair.
 13500 | D:11     | Reached skill level 9 in Stealth
 13500 | D:11     | Reached skill level 5 in Spellcasting
 14018 | D:12     | Found a snail-covered altar of Cheibriados.
 14084 | D:12     | Reached skill level 5 in Conjurations
 14221 | D:12     | Reached ***** piety under Dithmenos
 14298 | D:12     | Found a staircase to the Orcish Mines.
 14414 | D:12     | You pick up a book of Blasting and begin reading...
 14414 | D:12     | You add the spells Kindle Blastsparks, Fulminant Prism,
                  | Iskenderun's Mystic Blast and Lee's Rapid Deconstruction to
                  | your library.
 14421 | D:12     | Learned a level 5 spell: Lee's Rapid Deconstruction
 14426 | D:12     | Learned a level 4 spell: Leda's Liquefaction
 15139 | Lair:1   | Entered Level 1 of the Lair of Beasts
 15195 | Lair:1   | Reached skill level 10 in Dodging
 15195 | Lair:1   | Reached skill level 1 in Hexes
 15195 | Lair:1   | Reached skill level 7 in Transmutations
 15370 | Lair:1   | Found a runed translucent gate.
 15372 | Lair:1   | Found a runed translucent gate.
 15372 | Lair:1   | Found a runed translucent gate.
 15487 | Lair:1   | Reached skill level 8 in Earth Magic
 15842 | Lair:1   | Identified the +7 rapier "Zastrid" {freeze, rF+ rCorr}
 15893 | Lair:1   | Reached skill level 10 in Stealth
 15893 | Lair:1   | Reached skill level 2 in Hexes
 16313 | Lair:2   | Reached XP level 13. HP: 60/74 MP: 20/20
 16369 | Lair:2   | Reached skill level 6 in Conjurations
 16500 | Lair:2   | Reached skill level 9 in Earth Magic
 16735 | Lair:2   | Reached skill level 3 in Hexes
 16758 | Lair:2   | Found a staircase to the Snake Pit.
 16838 | Lair:2   | Reached skill level 8 in Long Blades
 16972 | Lair:2   | You add the spells Vhi's Electric Charge, Arcjolt and
                  | Maxwell's Capacitive Coupling to your library.
 17377 | Lair:2   | Noticed Sonja
 17383 | Lair:2   | Killed Sonja
 17407 | Lair:2   | Noticed Gastronok
 17457 | Lair:2   | Killed Gastronok
 17458 | Lair:2   | Reached skill level 8 in Transmutations
 17755 | Lair:2   | Reached skill level 11 in Dodging
 17882 | Lair:2   | Found a staircase to the Swamp.
 18134 | Lair:3   | Noticed a four-headed hydra
 18138 | Lair:3   | Killed a four-headed hydra
 18266 | Lair:3   | Reached skill level 10 in Earth Magic
 18421 | Lair:3   | Reached skill level 7 in Conjurations
 19555 | Lair:3   | Reached XP level 14. HP: 68/79 MP: 19/21
 19973 | Lair:3   | Reached skill level 9 in Transmutations
 20012 | Lair:4   | Upgraded the game from 0.30-a0-304-gdc4b735fe1 to
                  | 0.30-a0-305-g026cb31310
 20328 | Lair:4   | Reached skill level 12 in Dodging
 20630 | Lair:5   | Entered Level 5 of the Lair of Beasts
 20687 | Lair:5   | Reached skill level 9 in Long Blades
 20687 | Lair:5   | Reached skill level 8 in Conjurations
 20744 | Lair:5   | HP: 7/80 [dream sheep (23)]
 21183 | Lair:5   | Found a runed translucent door.
 21183 | Lair:5   | Found a viscous altar of Jiyva.
 21184 | Lair:5   | Noticed an azure jelly
 21184 | Lair:5   | Noticed an azure jelly
 21342 | Lair:5   | Found a staircase to the Slime Pits.
 21342 | Lair:5   | Noticed an azure jelly
 21342 | Lair:5   | Noticed an azure jelly
 21826 | Lair:5   | Reached ****** piety under Dithmenos
 22067 | Lair:5   | Reached skill level 10 in Transmutations
 22116 | Lair:5   | You pick up a book of Touch and begin reading...
 22116 | Lair:5   | You add the spells Kiss of Death, Confusing Touch and
                  | Dispel Undead to your library.
 22149 | Lair:5   | Reached skill level 9 in Conjurations
 22235 | Lair:5   | Reached skill level 13 in Dodging
 23391 | D:13     | Reached XP level 15. HP: 84/84 MP: 19/22
 23427 | D:13     | You fall into a shaft and drop 2 floors!
 23427 | D:15     | Entered Level 15 of the Dungeon
 23443 | D:15     | Reached skill level 14 in Dodging
 23819 | D:15     | Found a staircase to the Depths.
 23823 | D:15     | Reached skill level 1 in Evocations
 23845 | D:15     | Reached skill level 1 in Invocations
 24030 | D:15     | Reached skill level 1 in Shields
 24225 | D:14     | Reached skill level 10 in Long Blades
 24225 | D:14     | Reached skill level 2 in Evocations
 24464 | D:14     | Reached skill level 2 in Invocations
 25240 | D:13     | Identified the +1 leather armour "Upemecaf" {rN+ Will+
                  | MP-9}
 25669 | D:13     | Reached skill level 3 in Evocations
 26078 | D:13     | Reached skill level 3 in Invocations
 26271 | D:13     | Reached skill level 7 in Fighting
 26271 | D:13     | Reached skill level 11 in Stealth
 26271 | D:13     | Reached skill level 6 in Spellcasting
 26643 | D:14     | Found a burning altar of Makhleb.
 26797 | D:14     | Found a gate to the Vaults.
 27117 | D:14     | Reached skill level 4 in Evocations
 27503 | D:15     | HP: 21/86 [poisoned by a green ugly thing]
 27762 | D:15     | Reached XP level 16. HP: 57/92 MP: 18/25
 27942 | D:14     | You pick up a book of Winter and begin reading...
 27942 | D:14     | You add the spells Ozocubu's Armour, Metabolic Englaciation
                  | and Simulacrum to your library.
 27950 | D:14     | Found a runed translucent door.
 28491 | D:15     | Found a portal to a secret trove of treasure.
 28496 | D:15     | This trove needs 6 scrolls of fog to function. Give it the
                  | items?
 28688 | Orc:1    | Entered Level 1 of the Orcish Mines
 28897 | D:12     | Reached skill level 4 in Invocations
 29095 | Orc:1    | Found Zukawk's CLEARANCE SALE!.
 29248 | Orc:2    | Entered Level 2 of the Orcish Mines
 29256 | Orc:2    | Noticed Josephine
 29262 | Orc:2    | Killed Josephine
 29305 | Orc:2    | Noticed Jorgrun
 29319 | Orc:2    | Killed Jorgrun
 29530 | Orc:2    | Reached skill level 10 in Conjurations
 29667 | Orc:2    | Reached skill level 5 in Evocations
 30045 | Orc:2    | Reached skill level 8 in Fighting
 30104 | Orc:2    | Found Zinet's Antique Weapon Shoppe.
 30105 | Orc:2    | Found Anasosos's Distillery.
 30110 | Orc:2    | Reached skill level 12 in Stealth
 30114 | Orc:2    | Reached skill level 7 in Spellcasting
 30301 | Orc:2    | Reached skill level 15 in Dodging
 30385 | Orc:2    | Reached skill level 5 in Invocations
 30544 | Orc:2    | Found a staircase to the Elven Halls.
 30583 | Orc:2    | Noticed Nessos
 30588 | Orc:2    | Killed Nessos
 30648 | Orc:2    | Found a runed translucent door.
 30649 | Orc:2    | Noticed mandarbmax's ghost (journeyman VSFi)
 30953 | Orc:2    | Found Astriw's Distillery.
 30958 | Orc:2    | Found Yhaub's Book Emporium.
 31098 | Orc:2    | Bought a Young Poisoner's Handbook for 200 gold pieces
 31098 | Orc:2    | You add the spells Sting, Poisonous Vapours and Olgreb's
                  | Toxic Radiance to your library.
 31103 | Orc:2    | Learned a level 4 spell: Olgreb's Toxic Radiance
 31119 | Orc:2    | Learned a level 3 spell: Ignite Poison
 31247 | Orc:1    | HP: 16/93 [ice devil[an orc high priest] (8)]
 32019 | Snake:1  | Entered Level 1 of the Snake Pit
 32233 | Snake:1  | Reached skill level 1 in Poison Magic
 32252 | Snake:1  | HP: 17/94 [naga sharpshooter/arrow (26)]
 32253 | Snake:1  | HP: 5/94 [black mamba (13)]
 32258 | Snake:1  | Constricted to death by a naga warrior

Vanquished Creatures
  Jorgrun (Orc:2)
  Gastronok (Lair:2)
  Nessos (Orc:2)
  An ettin (D:15)
  An entropy weaver (shapeshifter) (D:15)
  Josephine (Orc:2)
  A fire dragon (D:13)
  Harold (D:9)
  4 hydras
  Erolcha (D:9)
  2 ogre magi (Orc:2)
  4 centaur warriors
  2 catoblepae
  2 boulder beetles (D:13)
  2 dancing weapons (D:14)
  14 two-headed ogres
  5 tengu warriors
  A deep troll shaman (Lair:5)
  3 death yaks (Lair:5)
  An orc high priest (Orc:1)
  Sonja (Lair:2)
  3 skeletal warriors (D:12)
  2 deep trolls (Orc:2)
  A lindwurm (Lair:5)
  2 bog bodies (Lair:2)
  2 deep elf pyromancers (D:13)
  A wizard (D:15)
  A mana viper (Snake:1)
  2 orc knights
  2 manticores (D:12)
  An orc sorcerer (D:15)
  15 ugly things
  2 cyclopes (Orc:2)
  14 elephants
  6 black mambas
  Maurice (D:8)
  A naga mage (Snake:1)
  8 cane toads
  A torpor snail (Lair:4)
  An efreet (D:13)
  2 unseen horrors (D:11)
  3 rime drakes
  Psyche (D:8)
  A kobold demonologist (D:13)
  7 komodo dragons
  3 tengu conjurers
  11 trolls
  7 polar bears
  A troll (shapeshifter) (D:14)
  A blink frog (shapeshifter) (D:15)
  25 blink frogs
  9 slime creatures
  9 dream sheep
  A jumping spider (shapeshifter) (D:15)
  9 wraiths
  A culicivora (shapeshifter) (D:13)
  Sigmund (D:4)
  3 wyverns
  A shadow (D:12)
  3 basilisks
  42 yaks
  Eustachio (D:4)
  3 steam dragons
  A warg (Orc:2)
  13 vampire mosquitoes
  3 swamp worms (Lair:2)
  4 nagas
  13 water moccasins
  An acid dragon (D:11)
  17 orc warriors
  3 sky beasts
  8 black bears
  7 ice beasts
  A meliai simulacrum (D:14)
  10 wolves
  23 ogres
  7 centaurs
  2 kobold brigands
  18 bullfrogs
  2 gnoll sergeants
  4 necrophages (Lair:3)
  2 scorpions (D:11)
  6 wights
  6 killer bees (D:11)
  2 electric eels
  5 howler monkeys
  10 orc priests
  A gnoll bouda (D:7)
  4 hounds
  21 orc wizards
  5 iguanas
  6 hell rats (Lair:5)
  Natasha (thrice) (D:2)
  17 gnolls
  4 adders
  2 white imps
  An ufetubus (D:7)
  A worm (D:2)
  65 orcs
  5 bats
  5 endoplasms
  2 giant cockroaches
  15 goblins
  9 hobgoblins
  12 jackals
  4 quokkas
  7 ball pythons
  A frilled lizard (D:1)
  25 kobolds
  10 rats
654 creatures vanquished.

Vanquished Creatures (others)
  2 centaurs (D:8)
  3 orcs (D:14)
  45 fungi
  94 plants
144 creatures vanquished.

Grand Total: 798 creatures vanquished

Table legend:
 A = Non-vault XP
 B = Vault XP
 C = Vault XP percentage of total XP
 D = Non-vault monster count
 E = Vault monster count
 F = Vault count percentage of total count
                 A         B        C        D         E       F
            +---------+---------+-------+---------+---------+-------
      Total |   78919 |   58093 |  42.4 |     464 |     190 |  29.1
            +---------+---------+-------+---------+---------+-------
        D:1 |      47 |       6 |  11.3 |      23 |       3 |  11.5
        D:2 |      90 |      33 |  26.8 |      10 |       1 |   9.1
        D:3 |      44 |       2 |   4.3 |      17 |       2 |  10.5
        D:4 |     457 |     406 |  47.0 |      25 |       2 |   7.4
        D:5 |     437 |     136 |  23.7 |      12 |       9 |  42.9
        D:6 |     483 |       0 |   0.0 |       9 |       0 |   0.0
        D:7 |    1209 |      90 |   6.9 |      19 |       1 |   5.0
        D:8 |     746 |    1460 |  66.2 |      16 |      10 |  38.5
        D:9 |    2011 |    1757 |  46.6 |      19 |       2 |   9.5
       D:10 |    2511 |     133 |   5.0 |      21 |       1 |   4.5
       D:11 |    1316 |    2864 |  68.5 |      16 |      13 |  44.8
       D:12 |    6058 |     146 |   2.4 |      26 |       8 |  23.5
       D:13 |    3751 |    8449 |  69.3 |       7 |      14 |  66.7
       D:14 |    9307 |    1654 |  15.1 |      24 |       2 |   7.7
       D:15 |    9177 |    4077 |  30.8 |      17 |       6 |  26.1
     Lair:1 |    5185 |    1188 |  18.6 |      22 |       4 |  15.4
     Lair:2 |    3840 |    5786 |  60.1 |      18 |      14 |  43.8
     Lair:3 |    8282 |    2157 |  20.7 |      29 |      13 |  31.0
     Lair:4 |    5208 |       0 |   0.0 |      21 |       0 |   0.0
     Lair:5 |   12691 |    7271 |  36.4 |      50 |      17 |  25.4
    Snake:1 |    2422 |       0 |   0.0 |       7 |       0 |   0.0
      Orc:1 |    2341 |     516 |  18.1 |      31 |       3 |   8.8
      Orc:2 |    1306 |   19078 |  93.6 |      25 |      41 |  62.1
     Bailey |       0 |     884 | 100.0 |       0 |      24 | 100.0
            +---------+---------+-------+---------+---------+-------

Illustrated notes

Table legend:
 A = Kills in this place as a percentage of kills in entire the game.
 B = Kills by you in this place as a percentage of kills by you in the entire game.
 C = Kills by friends in this place as a percentage of kills by friends in the entire game.
 D = Other kills in this place as a percentage of other kills in the entire game.
 E = Experience gained in this place as a percentage of experience gained in the entire game.
 F = Experience gained in this place divided by the number of levels of this place that you have seen.
                   A       B       C       D       E      F
               +-------+-------+-------+-------+-------+----------------------
         Total | 100.0 | 100.0 |   N/A |   N/A | 100.0 | 5708.8
       Dungeon |  51.2 |  51.2 |   N/A |   N/A |  43.0 | 3923.8
          Lair |  28.7 |  28.7 |   N/A |   N/A |  37.7 | 10321.6
     Snake Pit |   1.1 |   1.1 |   N/A |   N/A |   1.8 | 2422.0
  Orcish Mines |  15.3 |  15.3 |   N/A |   N/A |  17.0 | 11620.5
        Bailey |   3.7 |   3.7 |   N/A |   N/A |   0.6 | 884.0
               +-------+-------+-------+-------+-------+----------------------

Table legend: (Time is in decaauts)
 A = Elapsed time spent in this place.
 B = Non-inter-level travel time spent in this place.
 C = Inter-level travel time spent in this place.
 D = Time resting spent in this place.
 E = Time spent auto-exploring this place.
 F = Levels seen in this place.
 G = Mean time per level.
                   A        B        C        D        E       F      G
               +--------+--------+--------+--------+--------+-----+--------+
         Total |  32222 |  30772 |   1450 |   5815 |  18150 |  24 | 1342.6 |
       Dungeon |  20442 |  19426 |   1016 |   3362 |  12321 |  15 | 1362.8 |
          Lair |   8188 |   7831 |    357 |   1643 |   4399 |   5 | 1637.6 |
     Snake Pit |    232 |    232 |      0 |      8 |     77 |   1 |  232.0 |
  Orcish Mines |   2959 |   2884 |     75 |    761 |   1295 |   2 | 1479.5 |
        Bailey |    398 |    398 |      0 |     40 |     58 |   1 |  398.0 |
               +--------+--------+--------+--------+--------+-----+--------+

Top non-repeatable levels by time:
  Lair:5: 2184 daAuts
   Orc:2: 2138 daAuts
  Lair:2: 1879 daAuts
  Lair:3: 1814 daAuts
    D:12: 1800 daAuts
    D:13: 1663 daAuts
    D:14: 1660 daAuts
     D:9: 1565 daAuts
    D:11: 1561 daAuts
    D:15: 1515 daAuts
     D:4: 1480 daAuts
     D:1: 1344 daAuts
     D:2: 1281 daAuts
     D:8: 1257 daAuts
     D:5: 1256 daAuts
